 Dungeon Crawl Stone Soup version 0.20-a0-795-ga03948b (console) character file.

102 nht the Chopper (level 4, -1/34 HPs)
             Began as a Barachian Gladiator on Mar 1, 2017.
             Slain by an adder (3 damage)
             ... on level 3 of the Dungeon.
             The game lasted 00:01:12 (1054 turns).

nht the Chopper (Barachian Gladiator)               Turns: 1054, Time: 00:01:13

Health: -1/34      AC:  4    Str: 16    XL:     4   Next: 77%
Magic:  4/4        EV: 13    Int: 13    God:
Gold:   95         SH:  0    Dex: 14    Spells: 3/3 levels left

rFire    . . .     SeeInvis .   a - +0 war axe
rCold    . . .     Gourm    .   b - +0 leather armour
rNeg     . . .     Faith    .   (no shield)
rPois    .         Spirit   .   c - +0 helmet
rElec    .         Reflect  .   (no cloak)
rCorr    .         Harm     .   (no gloves)
MR       .....                  (no boots)
Stlth    +.........             (no amulet)
Regen    0.2/turn               (no ring)
MPRegen  0.1/turn               (no ring)

@: brilliant, lethally poisoned (-1 -> -4), very slightly contaminated, hasted,
invisible, quick
A: +LOS, swims, slowness 1, strong legs 1
a: Hop


You were on level 3 of the Dungeon.
You were not hungry.

You visited 1 branch of the dungeon, and saw 3 of its levels.

You collected 95 gold pieces.

Inventory:

Hand Weapons
 a - a +0 war axe (weapon)
Missiles
 d - 3 throwing nets (quivered)
Armour
 b - a +0 leather armour (worn)
 c - a +0 helmet (worn)
Jewellery
 j - a +3 ring of slaying {unknown}
Scrolls
 h - 4 scrolls of amnesia {unknown}
 o - a scroll of teleportation {unknown}
Potions
 i - a potion of flight
 q - a potion of resistance {unknown}
Comestibles
 f - 5 bread rations
 g - 5 chunks of flesh
 k - 4 meat rations
 m - 2 fruits


   Skills:
 - Level 2.4 Fighting
 + Level 5.8 Axes
 - Level 2.0 Throwing
 - Level 3.2 Dodging


You had 3 spell levels left.
You didn't know any spells.

Dungeon Overview and Level Annotations

Branches:
Dungeon (3/15)

Altars:
Xom


Innate Abilities, Weirdness & Mutations

Shadows flee at your approach. (+LOS)
You can swim through water.
You cover ground slowly.
You can hop short distances.


Message History

* * * LOW HITPOINT WARNING * * *
An adder is nearby!
You miss the adder.
You feel sick. The adder barely misses you.
An adder is nearby!
You barely miss the adder.
You feel sick. The adder bites you.
* * * LOW HITPOINT WARNING * * *
The adder bites you.
* * * LOW HITPOINT WARNING * * *
There is a lethal amount of poison in your body!
You are too injured to fight recklessly!
It was a potion of invisibility.
You fade into invisibility!
The adder bites you but does no damage.
You are very lightly contaminated with residual magic.
It was a potion of brilliance.
You feel clever all of a sudden.
* * * LOW HITPOINT WARNING * * *
You feel sick. The adder misses you.
It was a potion of haste.
You feel yourself speed up. The adder bites you.
You die...

███ █.█ .. ..██
█..█..█ █..█..█
██..█..█ █......███ ██
█........ ..
█...█.†███.█
█..?...@S..█
███..........█
.......█..█████ █
████...█..█████.██████
.....................
.......█..███.█.██████
.......█..███.█ █
███..█........█
.........███.█


You could see an adder.

Vanquished Creatures
  Terence (D:2)
  3 adders (D:2)
  2 worms
  2 dart slugs (D:1)
  2 leopard geckos (D:2)
  5 bats
  2 giant cockroaches
  4 goblins
  4 hobgoblins
  8 kobolds
  A ball python (D:1)
  2 frilled lizards (D:2)
  4 rats
40 creatures vanquished.

Notes
Turn   | Place    | Note
-------+----------+-------------------------------------------
     0 | D:1      | nht the Barachian Gladiator began the quest for the Orb.
     0 | D:1      | Reached XP level 1. HP: 17/17 MP: 1/1
   101 | D:1      | Reached XP level 2. HP: 23/23 MP: 2/2
   207 | D:1      | Reached skill level 4 in Axes
   491 | D:2      | Noticed Terence
   506 | D:2      | Killed Terence
   506 | D:2      | Reached skill level 5 in Axes
   506 | D:2      | Reached XP level 3. HP: 25/28 MP: 3/3
   516 | D:2      | Found a shimmering altar of Xom.
   648 | D:2      | Reached XP level 4. HP: 30/34 MP: 4/4
  1054 | D:3      | Slain by an adder

Vault maps used:
D:1:      mrwooster_arrival_statue
D:2:      minmay_kobold_bridge, nicolae_overflow_hidden_temple, first_bread,
          uniq_terence
D:3:      fedhas_altar_fruit_tree, kennysheep_generic_room_10

Skill      XL: |  1  2 |
---------------+-------+-----
Axes           | 5 |  5.8
Fighting       | |  2.4
Throwing       | |  2.0
Dodging        | |  3.2

Action                   |  1- 3 |  4- 6 || total
-------------------------+-------+-------++-------
Melee: War axe           |    72 |    50 ||   122
  Use: Potion            |       |     5 ||     5
  Eat: Chunk             |       |     1 ||     1
Armor: Leather armour    |    30 |    13 ||    43
Dodge: Dodged            |    54 |    39 ||    93
